 Dungeon Crawl Stone Soup version 0.26.1-11-gd32895ea62 (webtiles) character file.

Game seed: 1754992612247511696

196 Sopht the Skirmisher (level 5, -5/34 HPs)
             Began as a Tengu Abyssal Knight on July 21, 2021.
             Was a Believer of Lugonu.
             Killed by nerve-wracking pain
             ... invoked by an orc priest
              (10 damage)
             ... on level 3 of the Dungeon.
             The game lasted 00:10:51 (3191 turns).

Sopht the Skirmisher (Tengu Abyssal Knight)         Turns: 3191, Time: 00:10:52

Health: -5/34      AC:  6    Str: 13    XL:     5   Next: 75%
Magic:  7/7        EV: 13    Int: 13    God:    Lugonu [**....]
Gold:   206        SH:  0    Dex: 13    Spells: 4/4 levels left

rFire    . . .     SeeInvis .   a - +5 falchion
rCold    . . .     Faith    .   (no shield)
rNeg     . . .     Spirit   .   e - +0 ring mail
rPois    .         Reflect  .   (helmet restricted)
rElec    .         Harm     .   i - +0 cloak
rCorr    .         Rampage  .   (no gloves)
Will     .....                  (boots unavailable)
Stlth    +.........             (no amulet)
HPRegen  0.11/turn              (no ring)
MPRegen  0.10/turn              (no ring)

@: flying quickly and evasively, quick
A: beak, talons 3, able to fly
a: Stop Flying, Renounce Religion, Depart the Abyss, Bend Space


You were on level 3 of the Dungeon.
You worshipped Lugonu.
Lugonu was pleased with you.
You visited 1 branch of the dungeon, and saw 3 of its levels.
You visited the Abyss 1 time.

You collected 206 gold pieces.

Inventory:

Hand Weapons
 a - a +5 falchion (weapon)
Armour
 e - a +0 ring mail (worn)
 i - a +0 cloak (worn)
Jewellery
 m - a +4 ring of evasion {unknown}
Scrolls
 b - a scroll of remove curse {unknown}
 h - a scroll of teleportation {unknown}
 j - a scroll of noise {unknown}
Potions
 c - a potion of degeneration {unknown}
 d - a potion of curing
 f - a potion of cancellation
 g - 2 potions of lignification
 k - a potion of resistance {unknown}
 l - a potion of attraction {unknown}


   Skills:
 + Level 4.8 Fighting
 + Level 4.0 Long Blades
 + Level 2.8 Armour
 + Level 1.5 Dodging
 + Level 0.3 Stealth
 + Level 1.8 Invocations


You had 4 spell levels left.
You didn't know any spells.
Your spell library was empty.

Dungeon Overview and Level Annotations

Branches:
Dungeon (3/15)

Altars:
Ru
Trog


Innate Abilities, Weirdness & Mutations

You have a beak for a mouth.
You have claws for feet.
You can fly continuously.


Message History

The orc priest hits you with a +0 short sword.
You hit the orc priest but do no damage.
The orc priest is lightly wounded.
The orc priest hits you but does no damage.
You barely miss the orc priest.
You peck the orc priest, but do no damage.
The orc priest is lightly wounded.
The orc priest hits you but does no damage.
The orc priest hits you with a +0 short sword.
You hit the orc priest. You claw the orc priest.
The orc priest is severely wounded.
The orc priest invokes the aid of Beogh against you.
Beogh smites you!
* * * LOW HITPOINT WARNING * * *
You hit the orc priest.
You claw the orc priest, but do no damage.
The orc priest is almost dead.
The orc priest calls down the wrath of Beogh upon you.
Pain shoots through your body!
You die...

♣≈≈≈≈≈. #.# ##........
≈≈≈≈≈≈.###.# ##.....##..
≈≈≈≈≈≈..#..# ##.........#
≈≈≈≈≈.#....####.........#
≈≈≈≈≈.........+.........#
≈.≈≈≈.#....# #.........#
.≈.........# #........#
######.##### #.......##
#....o@..# ##...##..#
#.##.###[# ##'####.. #
#.###.# #.#####. #.....#
###.#..... #.#####..#
#.....###. #........#
#.....# #. #######.##
#.....###. ##.#.##
##........
#.###.#####..###...


You could see an orc priest.

Vanquished Creatures
  Terence (D:2)
  Natasha (thrice) (D:2)
  Robin (D:2)
  2 adders
  2 worms (D:2)
  2 dart slugs (D:1)
  A leopard gecko (D:2)
  4 orcs (D:3)
  2 bats
  3 giant cockroaches
  11 goblins
  9 hobgoblins
  2 jackals (D:1)
  4 frilled lizards
  4 kobolds
  4 rats
55 creatures vanquished.

Notes
Turn   | Place    | Note
-------+----------+-------------------------------------------
     0 | Abyss:1  | Sopht the Tengu Abyssal Knight began the quest for the Orb.
     0 | Abyss:1  | Reached XP level 1. HP: 14/14 MP: 3/3
    50 | Abyss:1  | Noticed an eye of draining
    51 | Abyss:1  | Noticed a shock serpent zombie
    52 | D:1      | Escaped the Abyss
   133 | D:1      | Reached XP level 2. HP: 3/19 MP: 4/4
   627 | D:1      | Reached * piety under Lugonu
  1057 | D:1      | Reached XP level 3. HP: 24/24 MP: 5/5
  1608 | D:2      | Noticed Terence
  1630 | D:2      | Killed Terence
  1631 | D:2      | Reached XP level 4. HP: 29/29 MP: 6/6
  1774 | D:2      | Noticed Natasha
  1778 | D:2      | Killed Natasha
  1947 | D:2      | Noticed Natasha
  1954 | D:2      | Killed Natasha
  1955 | D:2      | Gained mutation: You can fly continuously. [Tengu growth]
  1955 | D:2      | Reached XP level 5. HP: 22/34 MP: 7/7
  2075 | D:2      | Noticed Natasha
  2085 | D:2      | Killed Natasha
  2157 | D:2      | Found a bloodstained altar of Trog.
  2157 | D:2      | Found a sacrificial altar of Ru.
  2225 | D:2      | Noticed Robin
  2235 | D:2      | Killed Robin
  2737 | D:3      | Reached ** piety under Lugonu
  3191 | D:3      | Killed from afar by an orc priest

Illustrated notes

Levels and vault maps discovered:
D:1:      mrwooster_arrival_arrow, layout_basic, bh_walls_and_bars
D:2:      layout_loops_cross, gammafunk_temple_overflow_statue, uniq_terence,
          uniq_natasha, uniq_robin
D:3:      layout_loops_corners, chequers_ecumenical_altar_island, moated_statue,
          kennysheep_jessica_study, uniq_jessica

Skill      XL: |  1  2  3  4  5 |
---------------+----------------+-----
Fighting       | 4 |  4.8
Long Blades    | 3 4 |  4.0
Armour         | |  2.8
Dodging        | |  1.5
Stealth        | |  0.3
Invocations    | |  1.8

Action                   |  1- 3 |  4- 6 || total
-------------------------+-------+-------++-------
Melee: Falchion          |    44 |    72 ||   116
       Kick              |    15 |    21 ||    36
       Peck              |     7 |    14 ||    21
Invok: Depart the Abyss  |     1 |       ||     1
 Abil: Fly               |       |     1 ||     1
  Use: Scroll            |     7 |       ||     7
       Potion            |       |     3 ||     3
Armor: Leather armour    |    12 |     1 ||    13
       Ring mail         |       |    28 ||    28
Dodge: Dodged            |    22 |    62 ||    84
       Rpst.: Falchion   |     9 |    16 ||    25
